 Dungeon Crawl Stone Soup version 0.23-a0-690-g0a1fc62 (console) character file.

15 Duffy the Firebug (level 2, 19/19 HPs)
             Began as a Demonspawn Fire Elementalist on Jan 11, 2019.
             Quit the game on level 2 of the Dungeon.
             The game lasted 00:00:24 (289 turns).

Duffy the Firebug (Demonspawn Fire Elementalist)     Turns: 289, Time: 00:00:25

Health: 19/19      AC:  2    Str:  8    XL:     2   Next: 34%
Magic:  0/5        EV: 12    Int: 16    God:
Gold:   60         SH:  0    Dex: 13    Spells: 4/5 levels left

rFire    . . .     SeeInvis .   (no weapon)
rCold    . . .     Gourm    .   (no shield)
rNeg     . . .     Faith    .   a - +0 robe
rPois    .         Spirit   +   (no helmet)
rElec    .         Reflect  .   (no cloak)
rCorr    .         Harm     .   (no gloves)
MR       .....                  (no boots)
Stlth    ++........             (no amulet)
HPRegen  0.06/turn              g - ring of flight
MPRegen  0.09/turn              (no ring)

@: very slightly contaminated
A: magic shield
a: Evoke Flight


You were on level 2 of the Dungeon.
You were not hungry.

You visited 1 branch of the dungeon, and saw 2 of its levels.

You collected 60 gold pieces.

Inventory:

Armour
 a - a +0 robe (worn)
Jewellery
 g - a ring of flight (left hand)
Scrolls
 d - a scroll of random uselessness {unknown}
 e - 4 scrolls of identify {unknown}
Potions
 f - a potion of might {unknown}
 h - a potion of curing {unknown}
 i - a potion of invisibility {unknown}
Comestibles
 b - 2 chunks of flesh
 c - 2 rations


   Skills:
 - Level 1.7 Dodging
 - Level 1.7 Stealth
 - Level 2.0 Spellcasting
 + Level 2.4 Conjurations
 - Level 2.6 Fire Magic


You had 4 spell levels left.
You knew the following spells:

 Your Spells              Type           Power        Failure   Level  Hunger
h - Flame Tongue          Conj/Fire      #....        8%          1    #......

Your spell library contained the following spells:

 Spells                   Type           Power        Failure   Level  Hunger
 Throw Flame              Conj/Fire      #.....       11%         2    ###....
 Conjure Flame            Conj/Fire      #.......     22%         3    ###....
 Inner Flame              Hex/Fire       #.......     34%         3    ###....
 Sticky Flame             Conj/Fire      #.......     58%         4    #####..
 Fireball                 Conj/Fire      #.........   90%         5    ######.


Dungeon Overview and Level Annotations

Branches:
Dungeon (2/15)

Altars:


Innate Abilities, Weirdness & Mutations

When hurt, damage is shared between your health and your magic reserves.


Message History

Casting: Flame Tongue (safe; 9% risk of failure)
Confirm with . or Enter, or press ? or * to list all spells.
Aiming: Flame Tongue (safe; 9% risk of failure)
Press: ? - help, Shift-Dir - straight line, f/p - adder
Aim: an adder The flame tongue hits the adder.
The adder is severely wounded.
The adder misses you.
Casting: Flame Tongue (safe; 9% risk of failure)
Confirm with . or Enter, or press ? or * to list all spells.
Aiming: Flame Tongue (safe; 9% risk of failure)
Press: ? - help, Shift-Dir - straight line, f/p - adder
Aim: an adder (severely wounded)
The flame tongue hits the adder.
You kill the adder!
Your Conjurations skill increases to level 2!
You have reached level 2!
Your demonic ancestry asserts itself...
You feel your magical essence form a protective shroud around your flesh.
Are you sure you want to abandon this character and quit the game? (Confirm with "yes".)

...##.....##......... ##
#####..........(( #
#.##......... ..
#............ ...
######..#......... ....
#.................
.....###............#####
..................#######
...l...@................(
.....###.........########
... ########### # . #


You could see a frilled lizard.

Vanquished Creatures
  An adder (D:2)
  A giant cockroach (D:2)
  A quokka (D:2)
  A frilled lizard (D:2)
  A kobold (D:2)
  3 rats
8 creatures vanquished.

Notes
Turn   | Place    | Note
-------+----------+-------------------------------------------
     0 | D:1      | Duffy the Demonspawn Fire Elementalist began the quest for
                  | the Orb.
     0 | D:1      | Reached XP level 1. HP: 13/13 MP: 3/3
   288 | D:2      | Gained mutation: When hurt, damage is shared between your
                  | health and your magic reserves. [demonic ancestry]
   288 | D:2      | Reached XP level 2. HP: 19/19 MP: 0/5
   289 | D:2      | Quit the game

Vault maps used:
D:1:      ebering_trefoil_twist

Skill      XL: |  1 |
---------------+----+-----
Conjurations   | 2 |  2.4
Dodging        | |  1.7
Stealth        | |  1.7
Spellcasting   | |  2.0
Fire Magic     | |  2.6

Action                   || total
-------------------------++-------
Melee: Unarmed           ||     4
 Cast: Flame Tongue      ||    11
Armor: Robe              ||     2
Dodge: Dodged            ||     8

Table legend:
 A = Non-vault XP
 B = Vault XP
 C = Vault XP percentage of total XP
 D = Non-vault monster count
 E = Vault monster count
 F = Vault count percentage of total count
                 A         B        C        D         E       F
            +---------+---------+-------+---------+---------+-------
      Total |      22 |       0 |   0.0 |       8 |       0 |   0.0
            +---------+---------+-------+---------+---------+-------
        D:1 |       1 |       0 |   0.0 |       1 |       0 |   0.0
        D:2 |      21 |       0 |   0.0 |       7 |       0 |   0.0
            +---------+---------+-------+---------+---------+-------
